 Dungeon Crawl Stone Soup version 0.27-a0-216-g1fbed8a51c (webtiles) character file.

Game seed: 12749456991329091677

531 knot the Chopper (level 7, 50/52 HPs)
             Began as a Demonspawn Berserker on Feb 1, 2021.
             Was a Priest of Trog.
             Quit the game in an ossuary.
             The game lasted 00:04:22 (3601 turns).

knot the Chopper (Demonspawn Berserker)             Turns: 3601, Time: 00:04:23

Health: 50/52      AC: 11    Str: 18    XL:     7   Next: 3%
Magic:  7/7        EV: 11    Int: 10    God:    Trog [***...]
Gold:   218        SH:  0    Dex: 12    Spells: 6/6 levels left

rFire    + . .     SeeInvis .   l - +1 hand axe (freeze)
rCold    . . .     Faith    .   (no shield)
rNeg     . . .     Spirit   .   e - +0 ring mail {rF+}
rPois    +         Reflect  .   (helmet restricted)
rElec    .         Harm     .   o - +1 cloak
rCorr    .         Rampage  .   (no gloves)
Will     .....                  (no boots)
Stlth    +.........             (no amulet)
HPRegen  0.17/turn              f - +4 ring of protection
MPRegen  0.10/turn              m - ring of poison resistance

@: no status effects
A: antennae 2, foul stench 1
a: Renounce Religion, Berserk, Trog's Hand


You were in an ossuary.
You worshipped Trog.
Trog was most pleased with you.
You visited 1 branch of the dungeon, and saw 4 of its levels.
You also visited: Ossuary.

You collected 218 gold pieces.

Inventory:

Hand Weapons
 l - a +1 hand axe of freezing (weapon)
Missiles
 c - 86 stones
Armour
 e - a +0 ring mail of fire resistance (worn)
 o - a +1 cloak (worn)
Jewellery
 f - a +4 ring of protection (left hand)
 m - a ring of poison resistance (right hand)
 p - an uncursed ring of resist corrosion
Wands
 a - a wand of random effects (17)
Scrolls
 g - 2 scrolls of teleportation
 q - a scroll of identify
Potions
 b - 2 potions of brilliance {unknown}
 d - 4 potions of curing {unknown}
 h - 2 potions of degeneration {unknown}
 i - 2 potions of flight
 j - 3 potions of heal wounds {unknown}
 k - 2 potions of berserk rage {unknown}
 n - a potion of cancellation {unknown}


   Skills:
 - Level 3.0 Fighting
 + Level 7.4 Axes
 - Level 1.7 Armour
 - Level 1.7 Dodging


You had 6 spell levels left.
You didn't know any spells.
Your spell library was empty.

Dungeon Overview and Level Annotations

Branches:
Dungeon (4/15)            Ossuary (1/1)
 Temple: D:4-7

Altars:
Nemelex Xobeh

Annotations:
D:4 Grinder


Innate Abilities, Weirdness & Mutations

You have a pair of antennae on your head.
You may rarely emit foul miasma when damaged in melee.


Message History

You hit the water moccasin zombie.
The water moccasin zombie is heavily damaged.
The water moccasin zombie bites you but does no damage.
The water moccasin zombie closely misses you.
You hit the water moccasin zombie.
The water moccasin zombie is severely damaged.
The water moccasin zombie completely misses you.
You hit the water moccasin zombie.
The water moccasin zombie is severely damaged.
The water moccasin zombie bites you but does no damage.
You hit the water moccasin zombie.
The water moccasin zombie is almost destroyed.
The water moccasin zombie barely misses you.
You slash the water moccasin zombie!
You destroy the water moccasin zombie!
Trog accepts your kill.
You have reached level 7!
Your demonic ancestry asserts itself...
You begin to emit a foul stench of rot and decay.
Are you sure you want to abandon this character and quit the game? (Confirm with "yes".)

### ##################
#∩..#.^^#....'...#...#
#...Z@.^#....#^^.#...#
#..Z#.^^'....#^^^'...#
### ##############'###
#^.^# #^^.# #^.^#
#^..# ##'## #...#


You could see a gnoll zombie and an orc zombie.

Vanquished Creatures
  A centaur (D:3)
  A water moccasin zombie (Ossuary)
  Crazy Yiuf (D:3)
  An orc priest (D:4)
  Jessica (D:4)
  5 worker ants (D:4)
  2 big kobold zombies (Ossuary)
  A mummy (D:4)
  3 adders
  An ooze (D:1)
  An adder zombie (Ossuary)
  4 worms
  3 dart slugs
  3 leopard geckos
  5 orcs
  A giant cockroach (D:2)
  4 gnoll zombies (Ossuary)
  6 goblins
  8 hobgoblins
  5 jackals
  4 kobolds
  A quokka (D:2)
  A ball python (D:1)
  8 bats
  5 frilled lizards
  6 hobgoblin zombies (Ossuary)
  7 kobold zombies (Ossuary)
  4 orc zombies (Ossuary)
  8 rats
101 creatures vanquished.

Vanquished Creatures (others)
  4 toadstools (D:1)
4 creatures vanquished.

Grand Total: 105 creatures vanquished

Notes
Turn   | Place    | Note
-------+----------+-------------------------------------------
     0 | D:1      | knot the Demonspawn Berserker began the quest for the Orb.
     0 | D:1      | Reached XP level 1. HP: 18/18 MP: 1/1
    28 | D:1      | Reached skill level 3 in Axes
   131 | D:1      | Gained mutation: You have a pair of small antennae on your
                  | head. [demonic ancestry]
   131 | D:1      | Reached XP level 2. HP: 17/24 MP: 2/2
   468 | D:1      | Reached ** piety under Trog
   701 | D:2      | Gained mutation: You have a pair of antennae on your head.
                  | [demonic ancestry]
   701 | D:2      | Reached XP level 3. HP: 29/29 MP: 3/3
   745 | D:2      | Reached skill level 4 in Axes
  1581 | D:2      | Reached XP level 4. HP: 32/35 MP: 4/4
  2319 | D:3      | Noticed a centaur
  2330 | D:3      | Killed a centaur
  2331 | D:3      | Reached skill level 5 in Axes
  2331 | D:3      | Reached XP level 5. HP: 41/41 MP: 5/5
  2516 | D:3      | Found a runed translucent door.
  2517 | D:3      | Noticed Crazy Yiuf
  2526 | D:3      | Killed Crazy Yiuf
  3278 | D:4      | Reached skill level 6 in Axes
  3280 | D:4      | Reached *** piety under Trog
  3285 | D:4      | Reached XP level 6. HP: 47/47 MP: 6/6
  3334 | D:4      | Found a sparkling altar of Nemelex Xobeh.
  3334 | D:4      | Noticed Jessica
  3344 | D:4      | Killed Jessica
  3361 | D:4      | Noticed Grinder
  3393 | D:4      | Found a sand-covered staircase.
  3441 | Ossuary  | Entered an ossuary
  3477 | Ossuary  | Reached skill level 7 in Axes
  3601 | Ossuary  | Gained mutation: You may rarely emit foul miasma when
                  | damaged in melee. [demonic ancestry]
  3601 | Ossuary  | Reached XP level 7. HP: 50/52 MP: 7/7
  3601 | Ossuary  | Quit the game

Illustrated notes

Levels and vault maps discovered:
D:1:      ldierk_walled_garden_2, layout_rooms
D:2:      layout_loops_corners
D:3:      layout_basic, corner_web_ring, uniq_crazy_yiuf_cottage
D:4:      layout_cave_pools, gup_ossuary_entry_pyramid,
          nemelex_lonely_heart_becter, uniq_grinder
Ossuary:  ossuary_tomb_2

Skill      XL: |  1  2  3  4  5  6 |
---------------+-------------------+-----
Axes           | 3 4 5 6 7 |  7.4
Fighting       | |  3.0
Armour         | |  1.7
Dodging        | |  1.7

Action                   |  1- 3 |  4- 6 |  7- 9 || total
-------------------------+-------+-------+-------++-------
Melee: Hand axe          |   136 |   223 |       ||   359
Invok: Berserk           |       |     5 |       ||     5
       Trog's Hand       |       |     3 |       ||     3
Evoke: Wand              |       |     1 |       ||     1
  Use: Scroll            |       |     8 |       ||     8
Armor: Animal skin       |     3 |       |       ||     3
       Ring mail         |    54 |   102 |       ||   156
Dodge: Dodged            |    77 |   112 |       ||   189

Table legend: (Time is in decaauts)
 A = Elapsed time spent in this place.
 B = Non-inter-level travel time spent in this place.
 C = Inter-level travel time spent in this place.
 D = Time resting spent in this place.
 E = Time spent auto-exploring this place.
 F = Levels seen in this place.
 G = Mean time per level.
                   A        B        C        D        E       F      G
               +--------+--------+--------+--------+--------+-----+--------+
         Total |   3657 |   3594 |     63 |    450 |   2411 |   5 |  731.4 |
       Dungeon |   3500 |   3437 |     63 |    450 |   2356 |   4 |  875.0 |
       Ossuary |    156 |    156 |      0 |      0 |     55 |   1 |  156.0 |
               +--------+--------+--------+--------+--------+-----+--------+

Top non-repeatable levels by time:
     D:2: 1543 daAuts
     D:3: 1134 daAuts
     D:1: 629 daAuts
     D:4: 193 daAuts
 Ossuary: 156 daAuts
